 Dungeon Crawl Stone Soup version 0.21.1-1-g345015f (webtiles) character file.

946 kae the Insei (level 8, -6/53 HPs)
             Began as an Octopode Transmuter on June 14, 2018.
             Mangled by Sigmund
             ... wielding a +1 scythe of venom
              (7 damage)
             ... on level 4 of the Dungeon.
             The game lasted 00:04:31 (3982 turns).

kae the Insei (Octopode Transmuter)                 Turns: 3982, Time: 00:04:31

Health: -6/53      AC:  1    Str: 12    XL:     8   Next: 13%
Magic:  9/13       EV: 15    Int: 21    God:
Gold:   307        SH:  0    Dex: 16    Spells: 8/14 levels left

rFire    . . .     SeeInvis .     - Unarmed
rCold    . . .     Gourm    .   (no shield)
rNeg     . . .     Faith    .   (helmet restricted)
rPois    .         Spirit   .   (no amulet)
rElec    .         Reflect  .   d - -2 ring of strength (curse)
rCorr    .         Harm     .   l - +2 ring of dexterity
MR       .....                  (no ring)
Stlth    ++........             (no ring)
HPRegen  0.17/turn              (no ring)
MPRegen  0.13/turn              (no ring)
                                (no ring)
                                (no ring)

@: mighty, brilliant, lethally poisoned (-6 -> -14), hasted, very quick
A: almost no armour, stealthy swim, amphibious, 8 rings, constrict 8, camouflage
1, gelatinous body 1
a: no special abilities


You were on level 4 of the Dungeon.
You were not hungry.

You visited 1 branch of the dungeon, and saw 4 of its levels.
You also visited: Sewer.

You collected 307 gold pieces.

Inventory:

Missiles
 a - 41 arrows
Jewellery
 d - a cursed -2 ring of strength (left tentacle)
 g - an uncursed ring of protection from magic {unknown}
 l - a +2 ring of dexterity (right tentacle)
Wands
 h - a wand of polymorph (13)
Potions
 e - 2 potions of mutation
 i - a potion of might
 p - a potion of cancellation
 q - a potion of agility
Books
 b - a book of Changes

   Spells                             Type                      Level
   a - Beastly Appendage              Transmutation                1
   b - Sticks to Snakes               Transmutation                2
   c - Spider Form                    Transmutation/Poison         3
   d - Ice Form                       Ice/Transmutation            4
   e - Blade Hands                    Transmutation                5
 n - a book of Power

   Spells                             Type                      Level
   a - Iskenderun's Battlesphere      Conjuration/Charms           5
   b - Venom Bolt                     Conjuration/Poison           5
   c - Bolt of Magma                  Conjuration/Fire/Earth       5
   d - Iron Shot                      Conjuration/Earth            6
   e - Orb of Destruction             Conjuration                  7
   f - Spellforged Servitor           Conjuration/Summoning        7
Comestibles
 c - 5 rations


   Skills:
 + Level 3.6 Fighting
 + Level 4.1 Dodging
 * Level 6.0 Unarmed Combat
 + Level 3.8 Spellcasting
 + Level 4.1 Transmutations


You had 8 spell levels left.
You knew the following spells:

 Your Spells              Type           Power        Failure   Level  Hunger
a - Beastly Appendage     Tmut           ####..       1%          1    None
b - Sticks to Snakes      Tmut           ####....     1%          2    #......
c - Spider Form           Tmut/Pois      ####......   1%          3    ###....


Dungeon Overview and Level Annotations

Branches:
Dungeon (4/15)
 Temple: D:4-7

Altars:
Fedhas
Uskayaw

Annotations:
D:4 Sigmund; teukkam's ghost, amateur TrMo


Innate Abilities, Weirdness & Mutations

You cannot wear most types of armour.
You are very stealthy in the water. (Stealth+)
You are amphibious.
You can wear up to eight rings at the same time.
You can use your tentacles to constrict eight enemies at once.
Your skin changes colour to match your surroundings (Stealth+).
Your rubbery body absorbs attacks. (AC +1, EV +1)


Message History

Confirm with . or Enter, or press ? or * to list all spells.
You create a snake!
You now have 41 arrows.
You feel sick.
Your adder bites teukkam's ghost.
Teukkam's ghost hits you!
* * * LOW HITPOINT WARNING * * *
Your ball python bites teukkam's ghost but does no damage.
You feel sick.
Your adder bites teukkam's ghost but does no damage.
Something hits you!
* * * LOW HITPOINT WARNING * * *
Your ball python bites teukkam's ghost but does no damage.
Teukkam's ghost barely misses you.
You feel yourself speed up.
* * * LOW HITPOINT WARNING * * *
You feel sick.
Your adder barely misses teukkam's ghost.
Your ball python bites teukkam's ghost but does no damage.
Teukkam's ghost closely misses you.
Your ball python bites teukkam's ghost but does no damage.
Something hits you!
You die...

########.# #......
#......#.# ######.
#.####.#.# #.
#.####.#.# #)
#........########.
#.................
#..............###
#SSS.....#####....
#@W{......# #####
##.<.....(#
#........#
#........#
########.# .# .#
.#


You could see teukkam's ghost, a friendly adder and 2 friendly ball pythons.

Vanquished Creatures
  Pikel (D:4)
  Purgy (Sewer)
  2 slaves (D:4)
  An ogre (D:2)
  A scorpion (D:4)
  Terence (D:3)
  Natasha (D:4)
  A worker ant (D:3)
  A worker ant zombie (D:2)
  4 adders
  2 river rats (D:3)
  2 adder skeletons (D:2)
  2 worms
  2 leopard geckos
  8 orcs
  2 bat zombies (D:2)
  A giant cockroach (D:2)
  5 goblins
  5 hobgoblins
  5 jackals
  2 kobolds
  A quokka (D:3)
  A ball python (D:3)
  10 bats
  A frilled lizard (D:1)
  2 jackal zombies (D:2)
  A quokka skeleton (D:2)
  A quokka zombie (D:2)
  10 rats
77 creatures vanquished.

Vanquished Creatures (others)
  A slave (D:4)
  A worker ant (D:4)
  2 jackals (D:4)
4 creatures vanquished.

Grand Total: 81 creatures vanquished

Notes
Turn   | Place    | Note
-------+----------+-------------------------------------------
     0 | D:1      | kae the Octopode Transmuter began the quest for the Orb.
     0 | D:1      | Reached XP level 1. HP: 13/13 MP: 3/3
   259 | D:1      | Reached XP level 2. HP: 10/18 MP: 5/5
  1086 | D:2      | Reached XP level 3. HP: 11/23 MP: 6/6
  1350 | D:2      | Noticed an ogre
  1471 | D:2      | Found a blossoming altar of Fedhas.
  1523 | D:2      | Killed an ogre
  1523 | D:2      | Reached skill level 4 in Unarmed Combat
  1523 | D:2      | Reached XP level 4. HP: 28/29 MP: 7/7
  1523 | D:2      | Reached XP level 5. HP: 33/34 MP: 8/8
  1778 | D:2      | Learned a level 2 spell: Sticks to Snakes
  1782 | D:2      | Learned a level 3 spell: Spider Form
  2233 | D:3      | Found a glowing drain.
  2331 | Sewer    | Entered a sewer
  2469 | Sewer    | Noticed Purgy
  2485 | Sewer    | Killed Purgy
  2485 | Sewer    | Reached XP level 6. HP: 41/41 MP: 8/10
  2840 | D:3      | Noticed Terence
  2854 | D:3      | Killed Terence
  3399 | D:4      | Noticed Pikel
  3399 | D:4      | Noticed a slave
  3399 | D:4      | Noticed a slave
  3399 | D:4      | Noticed a slave
  3399 | D:4      | Noticed Natasha
  3400 | D:4      | Noticed a slave
  3409 | D:4      | Killed a slave
  3417 | D:4      | Killed a slave
  3430 | D:4      | Killed Pikel
  3430 | D:4      | Reached skill level 5 in Unarmed Combat
  3430 | D:4      | Reached XP level 7. HP: 26/46 MP: 10/12
  3430 | D:4      | Reached XP level 8. HP: 29/52 MP: 10/13
  3664 | D:4      | Noticed a hand axe
  3666 | D:4      | Noticed a dagger
  3670 | D:4      | Found a hide-covered altar of Uskayaw.
  3681 | D:4      | Reached skill level 6 in Unarmed Combat
  3685 | D:4      | Killed Natasha
  3918 | D:4      | Noticed teukkam's ghost (amateur TrMo)
  3923 | D:4      | Noticed Sigmund
  3981 | D:4      | HP: 2/53 [something (11)]
  3982 | D:4      | Mangled by Sigmund

Skill      XL: |  1  2  3  4  5  6  7  8 |
---------------+-------------------------+-----
Fighting       | 2 3 |  3.6
Unarmed Combat | 4 5 6 |  6.0
Transmutations | 3 4 |  4.1
Dodging        | 3 4 |  4.1
Spellcasting   | 3 |  3.8

Action                   |  1- 3 |  4- 6 |  7- 9 || total
-------------------------+-------+-------+-------++-------
Melee: Unarmed           |    71 |   150 |    21 ||   242
       Constrict         |    18 |    20 |     3 ||    41
       Tentacles         |    12 |    11 |     2 ||    25
       Kick              |     5 |       |       ||     5
       Punch             |       |     2 |       ||     2
 Cast: Beastly Appendage |     9 |       |       ||     9
       Spider Form       |       |     6 |     1 ||     7
       Sticks to Snakes  |       |     1 |     2 ||     3
  Use: Scroll            |     6 |     8 |       ||    14
       Potion            |     1 |     5 |     3 ||     9
 Stab: Sleeping          |     2 |     3 |     1 ||     6
  Eat: Chunk             |     2 |     7 |     2 ||    11
Armor: Skin              |     4 |    38 |     4 ||    46
Dodge: Dodged            |    56 |   125 |    12 ||   193
